 Dungeon Crawl Stone Soup version 0.32-a0-999-gfa1cc04b1d (webtiles) character file.

Game seed: 10407643667244361040

3915 protoss039 the Digger (level 10, 74/74 HPs)
             Began as a Demonspawn Earth Elementalist on Apr 24, 2024.
             Was a Follower of Vehumet.
             Got out of the dungeon alive.
             The game lasted 00:18:12 (8401 turns).

protoss039 the Digger (DsEE)                        Turns: 8401, Time: 00:18:13

Health: 74/74      AC:  8    Str:  9    XL:     10   Next: 1%
Magic:  17/17      EV: 10    Int: 20    God:    Vehumet [*.....]
Gold:   385        SH:  8    Dex: 13    Spells: 12/19 levels left

rFire   . . .        h - +2 short sword (venom)
rCold   . . .        x - +0 buckler
rNeg    . . .        z - +0 ring mail
rPois   .            d - +0 helmet
rElec   .            k - +0 cloak
rCorr   .            (no gloves)
SInv    .            (boots unavailable)
Will    .....        (no amulet)
Stlth   ++           (no ring)
HPRegen 0.32/turn    (no ring)
MPRegen 0.15/turn

%: no passive effects
@: no status effects
A: hooves 3, condensation shield, demonic magic 3
a: Renounce Religion


You escaped.
You worshipped Vehumet.
Vehumet was aware of your devotion.
You visited 2 branches of the dungeon, and saw 9 of its levels.
You also visited: Ossuary.

You collected 385 gold pieces.

Inventory:

Hand Weapons
 h - a +2 short sword of venom (weapon)
Missiles
 f - 5 curare-tipped darts
 l - 2 throwing nets
Armour
 d - a +0 helmet (worn)
 k - a +0 cloak (worn)
 x - a +0 buckler (worn)
 z - a +0 ring mail (worn)
Jewellery
 y - a ring of fire
Scrolls
 e - a scroll of fear {unknown}
 g - a scroll of poison
 i - a scroll of revelation {unknown}
 j - a scroll of torment
 p - a scroll of enchant armour {unknown}
 q - 2 scrolls of noise {unknown}
 u - a scroll of immolation {unknown}
 v - a scroll of identify
 A - a scroll of teleportation {unknown}
Potions
 a - 2 potions of haste
 b - a potion of magic
 c - 3 potions of heal wounds
 m - 2 potions of curing
 o - 2 potions of might {unknown}
 r - 2 potions of ambrosia {unknown}
 s - 2 potions of attraction {unknown}
 t - 2 potions of brilliance {unknown}
 w - 2 potions of mutation {unknown}
Miscellaneous
 n - a box of beasts


   Skills:
 + Level 5.3 Fighting
 - Level 3.0 Short Blades
 + Level 4.1 Armour
 + Level 4.9 Dodging
 + Level 5.1 Stealth
 * Level 3.8 Shields
 + Level 5.2 Spellcasting
 + Level 3.7 Conjurations
 + Level 5.6 Earth Magic


You had 12 spell levels left.
You knew the following spells:

 Your Spells              Type           Power      Damage    Failure   Level
a - Sandblast             Erth           54%        2d13      4%          1
b - Passwall              Erth           27%        N/A       13%         3
c - Stone Arrow           Conj/Erth      48%        3d10      19%         3

Your spell library contained the following spells:

 Spells                   Type           Power      Damage    Failure   Level
 Magic Dart               Conj           80%        1d7       9%          1
 Sting                    Conj/Alch      48%        1d6       21%         1
 Brom's Barrelling Bould  Conj/Erth      24%        2d5       52%         4
 Mercury Vapours          Alch/Air       10%        N/A       54%         2
 Mephitic Cloud           Conj/Alch/Air  10%        N/A       61%         3
 Tukima's Dance           Hex            5%         N/A       78%         3
 Petrify                  Alch/Erth      16%        N/A       80%         4
 Iskenderun's Mystic Bla Conj/Tloc 12%            2d5        (+2d2     89%         4
 Dimensional Bullseye     Hex/Tloc       2%         N/A       99%         4
 Olgreb's Toxic Radiance  Alch           5%         N/A       99%         4
 Freezing Cloud           Conj/Ice/Air   5%         6-21      100%        5
 Summon Forest            Summ/Tloc      2%         N/A       100%        5
 Eringya's Noxious Bog    Alch           2%         4d6       100%        6
 Summon Hydra             Summ           2%         N/A       100%        7


Dungeon Overview and Level Annotations

Branches:
Dungeon (8/15) Zot: 26549  Temple (1/1) D:6 Zot: 5976 Ossuary (visited)
   Lair: D:8-11

Altars:
Cheibriados
Dithmenos
Gozag
Hepliaklqana
Kikubaaqudgha
Makhleb
Nemelex Xobeh
Okawaru
Qazlal
Ru
Trog
Uskayaw
Vehumet
Wu Jian
Xom
Yredelemnul

Shops:
D:3 (   D:4 [   D:5 :

Annotations:
D:8 Amaemon


Innate Abilities, Weirdness & Mutations

You have hooves in place of feet.
A meltable shield of frost defends you. (SH +4)
Spells you cast and wands you use may paralyse nearby enemies.


Message History

Press: ? - help, Shift-Dir - straight line, f/p - ribbon worm
Aim: a ribbon worm (90% to hit)
You miscast Stone Arrow.
Nothing appears to happen.
Unknown command.
The ribbon worm bites you.
Unknown command.
You hit the ribbon worm.
The ribbon worm looks as sick as possible!
You kick the ribbon worm.
The ribbon worm is heavily wounded.
The ribbon worm expels a string of sticky webbing.
The stream of webbing hits you but does no damage.
You are caught in a web!
You are caught in a web!
Unknown command.
You are caught in a web!
Unknown command.
You are caught in a web!
Unknown command.
The web tears apart.
You block the ribbon worm's attack.
You hit the ribbon worm. You kick the ribbon worm.
You kill the ribbon worm!
Vehumet accepts your kill.
You see here a ribbon worm corpse.
What level of the Dungeon? (default 1, ? - help)
Your magical contamination has completely faded away.
HP restored.
There is a stone staircase leading up here.
You climb upwards.
There is a stone staircase leading down here.
There is a stone staircase leading up here.
You climb upwards.
There is a stone staircase leading down here.
Things that are here:
a +0 club; a gnoll skeleton Magic restored.
You enter the shallow water.
Moving in this stuff is going to be slow.
There is a staircase leading out of the dungeon here.
You have escaped!

###########
#....@....#
#.........#
#.#.....#.#
##
#.........#
#≈###
#.........#
≈≈≈##
#.#.....#.#
#≈≈#
#.........#
##≈≈####
#.........#
##.≈≈...#
#.#.....#.#


There were no monsters in sight!

Vanquished Creatures
  A hornet (D:6)
  Grinder (D:6)
  A steam dragon (D:4)
  Edmund (D:6)
  Menkaure (D:4)
  An orc warrior (D:7)
  3 ice beasts
  A sky beast (D:7)
  2 ogres (D:5)
  A centaur (D:7)
  2 kobold brigands
  2 scorpions
  A burial acolyte (Ossuary)
  11 wights
  13 killer bees
  4 jellies
  5 orc priests
  A gnoll bouda (D:5)
  2 sleepcaps (D:6)
  3 iguanas
  5 orc wizards
  A mummy (Ossuary)
  9 adders
  15 gnolls
  3 shadow imps
  6 ufetubi
  6 dart slugs
  3 ribbon worms
  16 orcs
  4 ball pythons
  5 endoplasms
  4 giant cockroaches
  10 hobgoblins
  15 jackals
  6 quokkas
  2 bats
  4 frilled lizards
  7 gnoll skeletons (Ossuary)
  9 goblins
  20 kobolds
  6 kobold skeletons (Ossuary)
  7 orc skeletons (Ossuary)
  5 rats
225 creatures vanquished.

Notes
Turn   | Place    | Note
-------+----------+-------------------------------------------
     0 | D:1      | protoss039 the Demonspawn Earth Elementalist began the
                  | quest for the Orb.
     0 | D:1      | Reached XP level 1. HP: 13/13 MP: 3/3
   159 | D:1      | Gained mutation: Spells you cast may paralyse adjacent
                  | enemies. [demonic ancestry]
   159 | D:1      | Reached XP level 2. HP: 10/20 MP: 3/5
   255 | D:1      | Reached skill level 1 in Fighting
   518 | D:1      | Gained mutation: You have large cloven feet. [demonic
                  | ancestry]
   518 | D:1      | Reached XP level 3. HP: 15/26 MP: 6/6
   883 | D:1      | Learned a level 3 spell: Passwall
  1120 | D:2      | Gained mutation: Spells you cast may paralyse nearby
                  | enemies. [demonic ancestry]
  1120 | D:2      | Reached XP level 4. HP: 26/32 MP: 4/7
  1289 | D:2      | Found a faded altar of an unknown god.
  1305 | D:2      | Reached skill level 1 in Short Blades
  1442 | D:2      | Reached XP level 5. HP: 38/38 MP: 6/9
  1484 | D:2      | Reached skill level 1 in Armour
  1983 | D:2      | Learned a level 3 spell: Stone Arrow
  2076 | D:3      | Found an ancient bone altar of Kikubaaqudgha.
  2082 | D:3      | Found a bloodstained altar of Trog.
  2082 | D:3      | Found a snail-covered altar of Cheibriados.
  2449 | D:3      | Gained mutation: You have hoof-like feet. [demonic
                  | ancestry]
  2449 | D:3      | Reached XP level 6. HP: 36/44 MP: 3/10
  2576 | D:3      | Found Kografe's Antique Weapon Shoppe.
  3147 | D:4      | Found Matotryu's Armour Shoppe.
  3193 | D:4      | Noticed Menkaure
  3202 | D:4      | Killed Menkaure
  3203 | D:4      | Gained mutation: You have hooves in place of feet. [demonic
                  | ancestry]
  3203 | D:4      | Reached XP level 7. HP: 47/51 MP: 7/12
  3398 | D:4      | Noticed a steam dragon
  3810 | D:4      | Killed a steam dragon
  3954 | D:5      | Entered Level 5 of the Dungeon
  4208 | D:5      | Found a sand-covered staircase.
  4220 | Ossuary  | Entered an ossuary
  4646 | Ossuary  | Found an ancient bone altar of Kikubaaqudgha.
  4672 | Ossuary  | Reached XP level 8. HP: 58/58 MP: 9/13
  5160 | D:5      | Found Foodi's Book Shop.
  5508 | D:5      | Found an opulent altar of Gozag.
  5674 | D:6      | Noticed Edmund
  5687 | D:6      | Killed Edmund
  5920 | D:6      | Noticed a hornet
  5925 | D:6      | Killed a hornet
  5926 | D:6      | Reached skill level 1 in Shields
  5926 | D:6      | Reached skill level 5 in Earth Magic
  5962 | D:6      | Gained mutation: Spells you cast and wands you use may
                  | paralyse nearby enemies. [demonic ancestry]
  5962 | D:6      | Reached XP level 9. HP: 41/66 MP: 1/15
  6379 | D:6      | Noticed Grinder
  6384 | D:6      | Paralysed by Grinder for 5 turns
  6391 | D:6      | Killed Grinder
  6457 | D:6      | Found a staircase to the Ecumenical Temple.
  6485 | Temple   | Entered the Ecumenical Temple
  6497 | Temple   | Became a worshipper of Vehumet
  7152 | D:7      | Reached skill level 5 in Fighting
  7230 | D:7      | Reached skill level 5 in Spellcasting
  7793 | D:7      | Reached skill level 5 in Stealth
  7858 | D:7      | Found an ornate altar of the Wu Jian Council.
  7962 | D:8      | Noticed Amaemon
  7962 | D:8      | Noticed an orange demon
  8014 | D:8      | Reached * piety under Vehumet
  8014 | D:8      | Offered knowledge of Magic Dart by Vehumet.
  8221 | D:8      | Gained mutation: A meltable shield of frost defends you.
                  | (SH +4) [demonic ancestry]
  8221 | D:8      | Reached XP level 10. HP: 70/74 MP: 8/17
  8401 | D:$      | Got out of the dungeon alive.

Illustrated notes

Levels and vault maps discovered:
D:1:      lemuel_arrival_broad_hall, layout_rooms, serial_rivers,
          chequers_serial_rivers_small_3, chequers_serial_rivers_small_3,
          chequers_serial_rivers_micro_a, chequers_serial_rivers_marsh,
          chequers_serial_rivers_small_3
D:2:      layout_basic, basic_ecumenical_altar, kennysheep_generic_room_4
D:3:      layout_loops_ring, grunt_temple_overflow_open, serial_shops, shop,
          minivault_23, minmay_checkerbox
D:4:      layout_loops_ring, serial_shops, nicolae_shop_behind_doors,
          uniq_menkaure
D:5:      layout_loops_ring, mainiacjoe_overflow_alcove_4, serial_shops, shop,
          nicolae_ossuary_entry_ruins
D:6:      minmay_chambers_of_threes, layout_gridville,
          minmay_temple_entry_arrows, minivault_4, hellmonk_no_cap, uniq_edmund,
          uniq_grinder
D:7:      layout_loops_ring, lemuel_round_altar
D:8:      layout_cave_pods, minitemple, minmay_lair_entry_lava, uniq_amaemon,
          uniq_jeremiah
Temple:   minmay_temple_curvy_loop

Skill      XL: |  1  2  3  4  5  6  7  8  9 |
---------------+----------------------------+-----
Fighting       | 1 2 3 4 5 |  5.3
Earth Magic    | 3 4 5 |  5.6
Dodging        | 2 3 4 |  4.9
Short Blades   | 1 2 3 |  3.0
Armour         | 1 2 3 4 |  4.1
Stealth        | 2 3 4 5 |  5.1
Spellcasting   | 3 4 5 |  5.2
Conjurations   | 3 |  3.7
Shields        | 1 3 |  3.8

Action                     |  1- 3 |  4- 6 |  7- 9 | 10-12 || total
---------------------------+-------+-------+-------+-------++-------
  Melee: Unarmed           |    51 |       |       |       ||    51
         Short sword       |    61 |    79 |    96 |     3 ||   239
         Dagger            |     1 |       |       |       ||     1
         Kick              |     4 |    12 |    23 |     2 ||    41
   Cast: Sandblast         |    32 |    66 |   147 |       ||   245
         Passwall          |       |       |     1 |       ||     1
         Stone Arrow       |       |       |    35 |       ||    35
  Evoke: Box of beasts     |       |       |     1 |       ||     1
    Use: Potion            |       |     1 |     3 |       ||     4
         Scroll            |       |     3 |     2 |       ||     5
   Stab: Paralysed         |     4 |    35 |    44 |     1 ||    84
         Sleeping          |     1 |     5 |     4 |       ||    10
 Armour: Robe              |    75 |    28 |       |       ||   103
         Leather armour    |       |    10 |    58 |       ||    68
         Ring mail         |       |       |    52 |     1 ||    53
  Dodge: Dodged            |    93 |    50 |    82 |       ||   225
  Block: Buckler           |       |       |    19 |     1 ||    20

Table legend: (Time is in decaauts)
 A = Elapsed time spent in this place.
 B = Non-inter-level travel time spent in this place.
 C = Inter-level travel time spent in this place.
 D = Time resting spent in this place.
 E = Time spent auto-exploring this place.
 F = Levels seen in this place.
 G = Mean time per level.
                   A        B        C        D        E       F      G
               +--------+--------+--------+--------+--------+-----+--------+
         Total |   8528 |   8063 |    465 |   1002 |   5219 |  10 |  852.8 |
       Dungeon |   7900 |   7456 |    444 |    741 |   5219 |   8 |  987.5 |
        Temple |     23 |      2 |     21 |      0 |      0 |   1 |   23.0 |
       Ossuary |    604 |    604 |      0 |    261 |      0 |   1 |  604.0 |
               +--------+--------+--------+--------+--------+-----+--------+

Top non-repeatable levels by time:
     D:7: 1413 daAuts
     D:4: 1201 daAuts
     D:2: 1133 daAuts
     D:6: 1132 daAuts
     D:5: 1110 daAuts
     D:1: 1007 daAuts
     D:3: 771 daAuts
 Ossuary: 604 daAuts
     D:8: 129 daAuts
  Temple: 23 daAuts
